 Dungeon Crawl Stone Soup version 0.20.0-10-g0535bb4 (webtiles) character file.

171 mopl the Sneak (level 5, -2/42 HPs)
             Began as a Minotaur Assassin on June 6, 2017.
             Slain by a two-headed ogre
             ... wielding a +0 giant club
              (21 damage)
             ... on level 4 of the Dungeon.
             The game lasted 00:03:10 (2502 turns).

mopl the Sneak (Minotaur Assassin)                  Turns: 2502, Time: 00:03:10

Health: -2/42      AC:  4    Str: 16    XL:     5   Next: 26%
Magic:  4/4        EV: 12    Int:  8    God:
Gold:   159        SH:  0    Dex: 12    Spells: 4/4 levels left

rFire    . . .     SeeInvis .   b - +0 blowgun
rCold    . . .     Gourm    .   (no shield)
rNeg     . . .     Faith    .   c - +0 robe
rPois    .         Spirit   .   (helmet restricted)
rElec    .         Reflect  .   d - +0 cloak
rCorr    .         Harm     .   r - +0 pair of gloves
MR       .....                  (no boots)
Stlth    +++.......             (no amulet)
Regen    0.2/turn               (no ring)
MPRegen  0.1/turn               (no ring)

@: no status effects
A: retaliatory headbutt, horns 2
a: no special abilities


You were on level 4 of the Dungeon.
You were not hungry.

You visited 1 branch of the dungeon, and saw 4 of its levels.

You collected 159 gold pieces.

Inventory:

Hand Weapons
 a - a +2 dagger
 b - a +0 blowgun (weapon)
 o - a +0 hunting sling
Missiles
 e - 8 poisoned needles (quivered)
 l - 37 stones
 p - 19 sling bullets
Armour
 c - a +0 robe (worn)
 d - a +0 cloak (worn)
 r - a +0 pair of gloves (worn)
Jewellery
 j - an uncursed ring of fire
Wands
 w - a wand of lightning (6/15)
Scrolls
 h - 3 scrolls of remove curse {unknown}
 i - a scroll of noise {unknown}
 m - a scroll of immolation {unknown}
 n - a scroll of enchant weapon {unknown}
 x - a scroll of random uselessness {unknown}
 y - a scroll of identify {unknown}
Potions
 q - a potion of brilliance {unknown}
 s - a potion of heal wounds {unknown}
 v - a potion of degeneration {unknown}
Comestibles
 g - 3 bread rations
 k - 2 royal jellies
 t - 2 chunks of flesh
 u - 3 fruits


   Skills:
 - Level 2.4 Fighting
 + Level 3.9 Short Blades
 + Level 3.1 Throwing
 - Level 1.1 Dodging
 * Level 4.5 Stealth


You had 4 spell levels left.
You didn't know any spells.

Dungeon Overview and Level Annotations

Branches:
Dungeon (4/15)
 Temple: D:4-7

Altars:
Ashenzari
Cheibriados
Okawaru
Sif Muna
Vehumet


Innate Abilities, Weirdness & Mutations

You reflexively headbutt those who attack you in melee.
You have a pair of horns on your head.


Message History

You kill the hound!
a - a +2 dagger (weapon)
b - a +0 blowgun (weapon)
Firing (i - inventory. (,) - cycle):
f - 2 curare-tipped needles (quivered)
Press: ? - help, Shift-Dir - straight line, f - two-headed ogre
Aim: a two-headed ogre, wielding two giant clubs You shoot a curare-tipped needle.
The curare-tipped needle barely misses the two-headed ogre.
Firing (i - inventory. (,) - cycle):
f - a curare-tipped needle (quivered)
Press: ? - help, Shift-Dir - straight line, f/p - two-headed ogre
Aim: a two-headed ogre, wielding two giant clubs You shoot a curare-tipped needle.
The curare-tipped needle hits the two-headed ogre.
The two-headed ogre is poisoned.
The two-headed ogre convulses.
The two-headed ogre seems to slow down.
The two-headed ogre is lightly wounded.
The two-headed ogre hits you with a giant club!
The two-headed ogre hits you with a giant club!!
Ouch! That really hurt!
You die...

##.##..##..
#...((.... #?.......
...(... ..... ... ##
#+ #O###
#..#.######@..##..
#..................
#..................
####.####'###..###.##
#..######.###..# #
#................
#.................
#.................#
#.................#


You could see a two-headed ogre.

Vanquished Creatures
  A hound (D:4)
  Terence (D:2)
  3 adders
  2 oozes (D:3)
  A worm (D:3)
  A dart slug (D:2)
  A leopard gecko (D:1)
  6 orcs
  A ball python (D:3)
  9 bats
  3 giant cockroaches
  6 goblins
  8 hobgoblins
  7 jackals
  4 quokkas
  2 frilled lizards
  4 kobolds
  4 rats
64 creatures vanquished.

Notes
Turn   | Place    | Note
-------+----------+-------------------------------------------
     0 | D:1      | mopl the Minotaur Assassin began the quest for the Orb.
     0 | D:1      | Reached XP level 1. HP: 18/18 MP: 0/0
    94 | D:1      | Reached XP level 2. HP: 22/25 MP: 1/1
   673 | D:1      | Reached skill level 3 in Short Blades
   793 | D:2      | Found a radiant altar of Vehumet.
   836 | D:2      | Reached XP level 3. HP: 30/30 MP: 2/2
   905 | D:2      | Found a deep blue altar of Sif Muna.
   943 | D:2      | Found a shattered altar of Ashenzari.
  1047 | D:2      | Found a snail-covered altar of Cheibriados.
  1153 | D:2      | Found an iron altar of Okawaru.
  1425 | D:2      | Noticed Terence
  1447 | D:2      | Killed Terence
  1447 | D:2      | Reached skill level 4 in Stealth
  1447 | D:2      | Reached XP level 4. HP: 14/37 MP: 3/3
  2077 | D:3      | Reached skill level 3 in Throwing
  2412 | D:3      | Reached XP level 5. HP: 42/42 MP: 4/4
  2494 | D:4      | Noticed a two-headed ogre
  2502 | D:4      | Slain by a two-headed ogre

Skill      XL: |  1  2  3  4 |
---------------+-------------+-----
Short Blades   | 3 |  3.9
Stealth        | 4 |  4.5
Throwing       | 3 |  3.1
Fighting       | |  2.4
Dodging        | |  1.1

Action                   |  1- 3 |  4- 6 || total
-------------------------+-------+-------++-------
Melee: Dagger            |    30 |       ||    30
       Headbutt          |     8 |       ||     8
 Fire: Hunting sling     |    55 |   111 ||   166
       Blowgun           |     4 |     2 ||     6
 Stab: Sleeping          |     3 |       ||     3
       Distracted        |     1 |       ||     1
  Eat: Chunk             |     1 |     4 ||     5
Armor: Robe              |     4 |     5 ||     9
Dodge: Dodged            |    21 |    15 ||    36
